 Dungeon Crawl Stone Soup version 0.29-a0-557-g43b9904bd1 (webtiles) character file.

Game seed: 11909168453541712786

9 MylesGorder the Cudgeller (level 2, 0/26 HPs)
             Began as a Meteoran Cinder Acolyte on June 8, 2022.
             Was a High Priest of Ignis.
             Slain by a jackal (1 damage)
             ... on level 1 of the Dungeon.
             The game lasted 00:01:52 (345 turns).

MylesGorder the Cudgeller (Meteoran Cinder Acolyte)  Turns: 345, Time: 00:01:53

Health: 0/26       AC:  2    Str: 15    XL:     2   Next: 41%
Magic:  5/5        EV: 11    Int: 15    God:    Ignis [*****.]
Gold:   74         SH:  0    Dex:  9    Spells: 3/3 levels left

rFire   + . .      SeeInvis .   a - -1 mace (flame)
rCold   . . .      Faith    .   (no shield)
rNeg    . . .      Spirit   .   b - +0 robe
rPois   .          Reflect  .   (no helmet)
rElec   .          Harm     .   (no cloak)
rCorr   .          Rampage  .   (no gloves)
Will    .....                   (no boots)
Stlth   +.........              (no amulet)
HPRegen 0.08/turn               (no ring)
MPRegen 0.09/turn               (no ring)

@: glowing
A: sense surroundings 1, otherworldly, glowing, explore regen
a: Renounce Religion, Fiery Armour, Foxfire Swarm, Rising Flame


You were on level 1 of the Dungeon.
You worshipped Ignis.
Ignis was extremely pleased with you.
You visited 1 branch of the dungeon, and saw 1 of its levels.

You collected 74 gold pieces.

Inventory:

Hand Weapons
 a - a -1 mace of flaming (weapon)
Armour
 b - a +0 robe (worn)
Scrolls
 c - a scroll of silence {unknown}
 e - a scroll of fear {unknown}
Potions
 d - a potion of haste {unknown}
 f - a potion of resistance {unknown}
 g - 2 potions of curing {unknown}


   Skills:
 + Level 3.6 Fighting
 + Level 4.2 Maces & Flails
 + Level 1.3 Spellcasting
 + Level 3.9 Fire Magic


You had 3 spell levels left.
You didn't know any spells.
Your spell library contained the following spells:

 Spells                   Type           Power      Damage    Failure   Level
 Scorch                   Fire           24%        2d6       7%          2


Dungeon Overview and Level Annotations

Branches:
Dungeon (1/15)

Altars:


Innate Abilities, Weirdness & Mutations

You passively map a small area around you.
You are easily found by Zot.
You glow in the dark.
You regain HP and MP as you explore.


Message History

You see here a bat corpse.
You now have 66 gold pieces (gained 12).
Found a hunting sling and 14 stones.
You see here 14 stones.
You now have 74 gold pieces (gained 8).
You open the door.
Found a chain mail.
Found a faded altar of an unknown god.
There is an open door here.
A jackal comes into view.
The jackal barks!
You see here 2 smoky sapphire potions.
A jackal is nearby!
A jackal is nearby!
A jackal comes into view.
The jackal barks!
You closely miss the jackal. The jackal bites you.
You barely miss the jackal. The jackal closely misses you. x2
The jackal bites you. The jackal barely misses you.
The jackal barely misses you. The jackal bites you.
The jackal closely misses you. The jackal barely misses you.
The jackal closely misses you. The jackal bites you.
The jackal bites you but does no damage.
The jackal closely misses you. The jackal bites you. x2
The jackal closely misses you. The jackal bites you. The jackal bites you. x2
The jackal bites you. The jackal barely misses you.
The jackal bites you but does no damage.
The jackal closely misses you. The jackal bites you. x2
The jackal bites you. x2
The jackal bites you but does no damage.
The jackal closely misses you. The jackal bites you.
* * * LOW HITPOINT WARNING * * *
The jackal bites you.
* * * LOW HITPOINT WARNING * * *
The jackal bites you.
* * * LOW HITPOINT WARNING * * *
The jackal bites you.
You die...

, * , #.# #......#, *
#.# , *
#......#....#######.##
+......+....+.........
*
#......#....#######.##
*#......#....+ , ...##
*#......#....##########
, #....hh#...._....
##..
*#....@........#..##.⌠.
######.!.......[ #....
* #........# #...⌠. *
#........#....... ≈ *
#........#.8.8.## ≈
#........#..8..#.
####'###.#.8.8.#+
###########.# ,# ......
* , .........##.###
########


You could see 2 jackals.

Vanquished Creatures
  3 ball pythons (D:1)
  2 endoplasms (D:1)
  A giant cockroach (D:1)
  A hobgoblin (D:1)
  A bat (D:1)
  A frilled lizard (D:1)
9 creatures vanquished.

Notes
Turn   | Place    | Note
-------+----------+-------------------------------------------
     0 | D:1      | MylesGorder the Meteoran Cinder Acolyte began the quest for
                  | the Orb.
     0 | D:1      | Reached XP level 1. HP: 19/19 MP: 3/3
   167 | D:1      | Reached XP level 2. HP: 26/26 MP: 5/5
   325 | D:1      | Found a faded altar of an unknown god.
   345 | D:1      | HP: 1/26 [jackal (3)]
   345 | D:1      | Slain by a jackal

Illustrated notes

Levels and vault maps discovered:
D:1:      ncdulo_halloftheorcs, layout_basic, basic_ecumenical_altar,
          kennysheep_flooded_box

Action                   || total
-------------------------++-------
Melee: Mace              ||    17
Armor: Robe              ||     5
Dodge: Dodged            ||    21

Table legend: (Time is in decaauts)
 A = Elapsed time spent in this place.
 B = Non-inter-level travel time spent in this place.
 C = Inter-level travel time spent in this place.
 D = Time resting spent in this place.
 E = Time spent auto-exploring this place.
 F = Levels seen in this place.
 G = Mean time per level.
                   A        B        C        D        E       F      G
               +--------+--------+--------+--------+--------+-----+--------+
         Total |    348 |    348 |      0 |      0 |    256 |   1 |  348.0 |
       Dungeon |    348 |    348 |      0 |      0 |    256 |   1 |  348.0 |
               +--------+--------+--------+--------+--------+-----+--------+

Top non-repeatable levels by time:
     D:1: 348 daAuts
